 Dungeon Crawl Stone Soup version 0.26.0-3-g156281e41b (webtiles) character file.

Game seed: 6808086392984131618

98 Descartes the Skirmisher (level 5, -1/42 HPs)
             Began as a Formicid Abyssal Knight on Jan 9, 2021.
             Was a Believer of Lugonu.
             Slain by Grinder (5 damage)
             ... on level 3 of the Dungeon.
             The game lasted 00:05:25 (2029 turns).

Descartes the Skirmisher (Formicid Abyssal Knight)  Turns: 2029, Time: 00:05:26

Health: -1/42      AC:  8    Str: 15 (17) XL:     5   Next: 0%
Magic:  7/7        EV: 11    Int: 12 (14) God:    Lugonu [**....]
Gold:   136        SH:  4    Dex:  9 (10) Spells: 4/4 levels left

rFire    . . .     SeeInvis +   a - +1 falchion
rCold    . . .     Faith    .   f - +0 buckler
rNeg     . . .     Spirit   .   o - +2 leather armour {rPois}
rPois    +         Reflect  .   (helmet unavailable)
rElec    .         Harm     .   (no cloak)
rCorr    .         Rampage  .   j - +0 pair of gloves
Will     +....                  (no boots)
Stlth    +.........             (no amulet)
HPRegen  0.14/turn              k - ring of willpower
MPRegen  0.10/turn              (no ring)

@: no status effects
A: permanent stasis, dig shafts and tunnels, four strong arms, antennae 3,
hooves 1, slimy green scales 1, clever 1
a: Dig, Shaft Self, Renounce Religion, Depart the Abyss, Bend Space


You were on level 3 of the Dungeon.
You worshipped Lugonu.
Lugonu was pleased with you.
You visited 1 branch of the dungeon, and saw 3 of its levels.
You visited the Abyss 1 time.

You collected 136 gold pieces.

Inventory:

Hand Weapons
 a - a +1 falchion (weapon)
 p - a +0 long sword
Missiles
 g - 122 stones
 l - 6 poisoned darts
 n - 43 bolts
Armour
 f - a +0 buckler (worn)
 j - a +0 pair of gloves (worn)
 o - a +2 leather armour of poison resistance (worn)
Jewellery
 i - an uncursed ring of ice
 k - a ring of willpower (left hand)
 s - an uncursed amulet of regeneration {unknown}
Scrolls
 b - 2 scrolls of enchant weapon {unknown}
 h - a scroll of fog {unknown}
 m - 4 scrolls of identify {unknown}
 q - a scroll of immolation {unknown}
Potions
 c - a potion of attraction {unknown}
 d - a potion of experience {unknown}
 e - a potion of curing {unknown}
 r - 2 potions of resistance {unknown}


   Skills:
 + Level 3.9 Fighting
 - Level 2.0 Long Blades
 + Level 2.9 Armour
 + Level 1.7 Dodging
 - Level 2.4 Shields
 + Level 3.1 Invocations


You had 4 spell levels left.
You didn't know any spells.
Your spell library was empty.

Dungeon Overview and Level Annotations

Branches:
Dungeon (3/15)

Altars:

Annotations:
D:3 Grinder


Innate Abilities, Weirdness & Mutations

You cannot be hasted, slowed, berserked, paralysed or teleported.
You can dig through walls and to a lower floor.
Your four strong arms can wield two-handed weapons with a shield.
You have a pair of large antennae on your head. (SInv)
You have large cloven feet.
You are partially covered in slimy green scales. (AC +2)
Your mind is acute. (Int +2)


Message History

* * * LOW HITPOINT WARNING * * *
You are too injured to fight recklessly!
You are too injured to fight recklessly!
Grinder blinks!
Grinder hits you but does no damage.
You closely miss Grinder. Your kick misses Grinder.
Grinder is almost dead.
Grinder hits you.
* * * LOW HITPOINT WARNING * * *
You writhe in agony.
* * * LOW HITPOINT WARNING * * *
You hit Grinder but do no damage. You kick Grinder.
Grinder is almost dead.
Grinder blinks!
Grinder gestures at you. You resist with almost no effort.
You hit Grinder but do no damage. Your kick misses Grinder.
Grinder is almost dead.
Grinder hits you.
You die...

#..# #.# { ##.# ...
#.# #### #.... #.#
#.. .....# #.# #.#
......#
##.####.##.#......
#..........#.#.#.##
##.####5##.... ###
#@####.# #......#
########


You could see Grinder.

Vanquished Creatures
  3 adders (D:2)
  An ooze (D:2)
  2 worms
  2 dart slugs (D:2)
  9 bats
  4 giant cockroaches
  5 goblins
  9 hobgoblins
  4 jackals (D:3)
  5 kobolds
  A quokka (D:2)
  A ball python (D:3)
  4 frilled lizards
  3 rats
53 creatures vanquished.

Notes
Turn   | Place    | Note
-------+----------+-------------------------------------------
     0 | Abyss:1  | Descartes the Formicid Abyssal Knight began the quest for
                  | the Orb.
     0 | Abyss:1  | Reached XP level 1. HP: 18/18 MP: 2/2
    61 | D:1      | Escaped the Abyss
    87 | D:1      | Reached skill level 1 in Dodging
   228 | D:1      | Reached XP level 2. HP: 22/24 MP: 3/3
   516 | D:1      | Reached skill level 1 in Shields
   646 | D:1      | Reached XP level 3. HP: 29/29 MP: 4/4
   977 | D:2      | Gained mutation: You are partially covered in slimy green
                  | scales. (AC +2) [potion of mutation]
   977 | D:2      | Gained mutation: Your mind is acute. (Int +2) [potion of
                  | mutation]
   977 | D:2      | Gained mutation: You have large cloven feet. [potion of
                  | mutation]
   979 | D:2      | HP: 1/30 [poisoned by an adder]
  1298 | D:2      | Reached ** piety under Lugonu
  1366 | D:2      | Reached XP level 4. HP: 37/37 MP: 6/6
  1905 | D:3      | Reached XP level 5. HP: 36/42 MP: 7/7
  2000 | D:3      | Noticed Grinder
  2029 | D:3      | Slain by Grinder

Illustrated notes

Levels and vault maps discovered:
D:1:      minmay_arrival_five_plusses, layout_rooms
D:2:      layout_loops_cross, minmay_misc_feat_diagonals, chequers_arboretum
D:3:      layout_loops_corners, kennysheep_generic_room_4, uniq_grinder,
          uniq_sigmund

Skill      XL: |  1  2  3  4 |
---------------+-------------+-----
Dodging        | 1 |  1.7
Shields        | 1 2 |  2.4
Invocations    | 3 |  3.1
Fighting       | |  3.9
Long Blades    | |  2.0
Armour         | |  2.9

Action                   |  1- 3 |  4- 6 || total
-------------------------+-------+-------++-------
Melee: Falchion          |    78 |    78 ||   156
       Kick              |       |    18 ||    18
  Use: Potion            |     3 |       ||     3
       Scroll            |     1 |       ||     1
Armor: Leather armour    |    23 |    29 ||    52
Dodge: Dodged            |    54 |    42 ||    96
Block: Buckler           |    10 |    17 ||    27
       Rpst.: Falchion   |    15 |    16 ||    31
